 Dungeon Crawl Stone Soup version 0.29.0-11-gd7f09526c8 (webtiles) character file.

Game seed: 9998735103105769733

65 xian the Chiller (level 4, 0/27 HPs)
             Began as an Octopode Ice Elementalist on Sept 3, 2022.
             Slain by Ijyb
             ... wielding a +3 dagger of speed
              (4 damage)
             ... on level 3 of the Dungeon.
             The game lasted 00:05:53 (2404 turns).

xian the Chiller (Octopode Ice Elementalist)        Turns: 2404, Time: 00:05:54

Health: 0/27       AC:  7    Str:  7    XL:     4   Next: 14%
Magic:  1/7        EV: 13    Int: 19    God:
Gold:   147        SH:  0    Dex: 12    Spells: 1/8 levels left

rFire   . . .      SeeInvis .   b - +2 short sword (venom)
rCold   . . .      Faith    .   (no shield)
rNeg    . . .      Spirit   .   (helmet restricted)
rPois   .          Reflect  .   (no amulet)
rElec   .          Harm     .   (no ring)
rCorr   .          Rampage  .   (no ring)
Will    .....                   (no ring)
Stlth   +++.......              (no ring)
HPRegen 0.09/turn               (no ring)
MPRegen 0.10/turn               (no ring)
                                (no ring)
                                (no ring)

@: ice-armoured, freezing walls
A: almost no armour, amphibious, 8 rings, camouflage 1, gelatinous body 1,
(nimble swimmer 1), tentacles
a: no special abilities


You were on level 3 of the Dungeon.
You visited 1 branch of the dungeon, and saw 3 of its levels.

You collected 147 gold pieces.

Inventory:

Hand Weapons
 b - a +2 short sword of venom (weapon)
Missiles
 g - a throwing net
Scrolls
 c - 2 scrolls of enchant armour
 f - a scroll of identify
Potions
 a - a potion of magic
 d - a potion of brilliance {unknown}
 e - a potion of curing
 h - a potion of lignification {unknown}


   Skills:
 + Level 0.1 Fighting
 + Level 0.6 Short Blades
 + Level 2.3 Dodging
 + Level 3.3 Stealth
 + Level 2.5 Spellcasting
 + Level 4.7 Ice Magic


You had one spell level left.
You knew the following spells:

 Your Spells              Type           Power      Damage    Failure   Level
a - Freeze                Ice            80%        1d9       2%          1
b - Frozen Ramparts       Ice            40%        1d7       7%          3
c - Ozocubu's Armour      Ice            20%        N/A       7%          3

Your spell library contained the following spells:

 Spells                   Type           Power      Damage    Failure   Level
 Gell's Gravitas          Tloc           2%         N/A       43%         3
 Teleport Other           Tloc           2%         N/A       43%         3
 Tukima's Dance           Hex            2%         N/A       43%         3
 Hailstorm                Conj/Ice       11%        3d5       52%         4
 Passage of Golubria      Tloc           2%         N/A       85%         4
 Yara's Violent Unravell  Hex/Tmut       1%         3d3       99%         5
 Dispersal                Tloc           1%         N/A       100%        6


Dungeon Overview and Level Annotations

Branches:
Dungeon (3/15)

Altars:
Yredelemnul

Shops:
D:2 ?

Annotations:
D:3 Ijyb


Innate Abilities, Weirdness & Mutations

You cannot wear most types of armour.
You are amphibious.
You can wear up to eight rings at the same time.
Your skin changes colour to match your surroundings (Stealth+).
Your rubbery body absorbs attacks. (AC +1, EV +1)
((You are camouflaged when in or above water. (Stealth+)))
You have tentacles for arms and can constrict up to eight enemies at once.


Message History

Confirm with . or Enter, or press ? or * to list all spells.
Okay, then.
Casting: Ozocubu's Armour (quite dangerous; 7% risk of failure)
Confirm with . or Enter, or press ? or * to list all spells.
The spell is quite dangerous to miscast (7% risk of failure)!
Continue anyway?
Casting: Frozen Ramparts (quite dangerous; 7% risk of failure)
Press: ? - help, Dir - look around, f - activate The walls around you are covered in ice.
The wall freezes Ijyb but does no damage.
Ijyb closely misses you.
Unknown command.
You feel better.
The wall freezes Ijyb but does no damage.
Ijyb zaps a wand.
The puff of flame misses you.
Unknown command.
You hit Ijyb but do no damage.
Ijyb is poisoned.
You grab Ijyb. You constrict Ijyb.
The wall freezes Ijyb but does no damage.
Ijyb hits you with a +3 dagger of speed.
The wall freezes Ijyb.
Ijyb closely misses you.
Unknown command.
You hit Ijyb but do no damage.
Ijyb looks as sick as possible!
Ijyb is moderately wounded.
You constrict Ijyb, but do no damage.
The wall freezes Ijyb.
Ijyb closely misses you.
Unknown command.
You hit Ijyb but do no damage.
Ijyb looks as sick as possible!
You squeeze Ijyb, but do no damage.
Ijyb is heavily wounded.
You constrict Ijyb.
The wall freezes Ijyb but does no damage.
Ijyb zaps a wand.
The puff of flame hits you!
* * * LOW HITPOINT WARNING * * *
The heat melts your icy armour.
You hit Ijyb but do no damage.
Ijyb is severely wounded.
You constrict Ijyb.
The wall freezes Ijyb but does no damage.
Ijyb hits you with a +3 dagger of speed.
You die...

......#
#...........#
......#
...........#
#######
$..).......#
......
...........#
......
.....).....#
......
...........#
##....
........####
... ........# .
.......@#
.......g#####
...........<#
...............
..............#
..!......####.#
###+#..... #
.#..#.#o
.####.#o


You could see Ijyb (extremely poisoned).

Vanquished Creatures
  An adder (D:3)
  2 dart slugs (D:2)
  An orc (D:2)
  8 ball pythons
  6 bats
  4 endoplasms
  A giant cockroach (D:1)
  6 hobgoblins
  6 kobolds
  4 quokkas (D:2)
  2 frilled lizards (D:1)
  2 goblins (D:1)
  4 rats
47 creatures vanquished.

Notes
Turn   | Place    | Note
-------+----------+-------------------------------------------
     0 | D:1      | xian the Octopode Ice Elementalist began the quest for the
                  | Orb.
     0 | D:1      | Reached XP level 1. HP: 11/11 MP: 3/3
   353 | D:1      | Reached XP level 2. HP: 16/17 MP: 1/5
   863 | D:1      | Found a faded altar of an unknown god.
  1013 | D:1      | Reached XP level 3. HP: 21/21 MP: 2/6
  1213 | D:1      | Learned a level 3 spell: Frozen Ramparts
  1285 | D:2      | Found Wastrux's Magic Scroll Shoppe.
  1969 | D:3      | Reached XP level 4. HP: 18/27 MP: 7/7
  2140 | D:3      | Learned a level 3 spell: Ozocubu's Armour
  2277 | D:3      | Found a basalt altar of Yredelemnul.
  2389 | D:3      | Noticed Ijyb
  2404 | D:3      | Slain by Ijyb

Illustrated notes

Levels and vault maps discovered:
D:1:      lemuel_arrival_funnel, layout_loops_ring,
          hellmonk_ecumenical_altar_arch_garden, minivault_25, minivault_5
D:2:      layout_rooms, serial_shops, shop
D:3:      layout_basic, mainiacjoe_overflow_alcove_4, portal_sewer_entry_e,
          nrook_campfire, minmay_liquid_box, uniq_ijyb

Skill      XL: |  1  2  3 |
---------------+----------+-----
Stealth        | 3 |  3.3
Fighting       | |  0.1
Short Blades   | |  0.6
Dodging        | |  2.3
Spellcasting   | |  2.5
Ice Magic      | |  4.7

Action                   |  1- 3 |  4- 6 || total
-------------------------+-------+-------++-------
Melee: Short sword       |    29 |    13 ||    42
       Constrict         |     9 |     3 ||    12
       Tentacles         |     5 |     1 ||     6
 Cast: Freeze            |    35 |     1 ||    36
       Frozen Ramparts   |     1 |     1 ||     2
       Ozocubu's Armour  |       |     1 ||     1
  Use: Scroll            |     6 |       ||     6
       Potion            |       |     1 ||     1
 Stab: Sleeping          |     6 |     2 ||     8
Armor: Skin              |     5 |     4 ||     9
Dodge: Dodged            |    41 |     9 ||    50
